 Dungeon Crawl Stone Soup version 0.21.1-1-g345015f (webtiles) character file.

27 kae the Insei (level 2, 0/21 HPs)
             Began as a Demonspawn Transmuter on June 14, 2018.
             Succumbed to an adder's poison
             ... on level 1 of the Dungeon.
             The game lasted 00:00:56 (1013 turns).

kae the Insei (Demonspawn Transmuter)               Turns: 1013, Time: 00:00:57

Health: 0/21       AC:  2    Str: 10    XL:     2   Next: 93%
Magic:  5/5        EV: 12    Int: 14    God:
Gold:   60         SH:  4    Dex: 13    Spells: 4/5 levels left

rFire    . . .     SeeInvis .     - Unarmed
rCold    . . .     Gourm    .   (no shield)
rNeg     . . .     Faith    .   b - +0 robe
rPois    .         Spirit   .   (no helmet)
rElec    .         Reflect  .   (no cloak)
rCorr    .         Harm     .   (no gloves)
MR       .....                  (boots currently unavailable)
Stlth    +.........             (no amulet)
HPRegen  0.07/turn              (no ring)
MPRegen  0.09/turn              (no ring)

@: lethally poisoned (0 -> -9), appendage (expiring)
A: talons 3, large bone plates 1
a: End Transformation


You were on level 1 of the Dungeon.
You were hungry.
You had grown temporary talons.
You visited 1 branch of the dungeon, and saw 2 of its levels.

You collected 60 gold pieces.

Inventory:

Missiles
 a - 37 arrows
Armour
 b - a +0 robe (worn)
Scrolls
 e - a scroll of remove curse {unknown}
 g - a scroll of teleportation {unknown}
 h - a scroll of random uselessness {unknown}
Books
 c - a book of Changes

   Spells                             Type                      Level
   a - Beastly Appendage              Transmutation                1
   b - Sticks to Snakes               Transmutation                2
   c - Spider Form                    Transmutation/Poison         3
   d - Ice Form                       Ice/Transmutation            4
   e - Blade Hands                    Transmutation                5
Comestibles
 d - 2 rations


   Skills:
 + Level 1.4 Fighting
 + Level 2.0 Dodging
 * Level 3.1 Unarmed Combat
 + Level 2.2 Spellcasting
 + Level 2.1 Transmutations


You had 4 spell levels left.
You knew the following spells:

 Your Spells              Type           Power        Failure   Level  Hunger
a - Beastly Appendage     Tmut           #.....       10%         1    #......


Dungeon Overview and Level Annotations

Branches:
Dungeon (2/15)

Altars:


Innate Abilities, Weirdness & Mutations

You are partially covered in large bone plates. (SH +4)
You have claws for feet.


Message History

The adder bites you.
You hit the adder but do no damage. Your kick misses the adder.
The adder is almost dead.
Your transformation is almost over.
You block the adder's attack. The adder bites you.
You closely miss the adder. You claw the adder, but do no damage.
The adder is almost dead.
The adder bites you.
* * * LOW HITPOINT WARNING * * *
You are more poisoned.
The adder poisons you!
You closely miss the adder. Your kick misses the adder.
The adder is almost dead.
* * * LOW HITPOINT WARNING * * *
You feel sick. The adder closely misses you.
You hit the adder.
You kill the adder!
* * * LOW HITPOINT WARNING * * *
You feel sick.
You die...

#..'....'('........
#.##...(###........
#.##.)..###........
#.##.............##
###'##.....#######.##
#....#####.###...#...
#....#####.....#.#...
#....#≈≈≈§§≈≈≈≈≈.#...
#..>@.≈8≈≈§≈≈≈8≈.#.##
###..§§§8≈≈≈≈8§§§#.#
##########..§§§≈####≈§≈§#.#
#...........§§§≈'.<#≈§§§#.#
######.#########.§≈≈≈'..#≈≈≈§#.##
#...##.#......)..§≈§≈####≈§§.#...
#............##...≈≈8≈≈≈§8≈≈.####
#......##....##...≈8≈≈≈≈≈≈8≈.# ##
#..(...##....##.#.≈≈§≈≈≈≈≈≈≈.###.


There were no monsters in sight!

Vanquished Creatures
  An adder (D:1)
  A ball python (D:1)
  A giant cockroach (D:1)
  A goblin (D:1)
  5 hobgoblins (D:1)
  6 kobolds (D:1)
  A frilled lizard (D:1)
  A rat (D:1)
17 creatures vanquished.

Notes
Turn   | Place    | Note
-------+----------+-------------------------------------------
     0 | D:1      | kae the Demonspawn Transmuter began the quest for the Orb.
     0 | D:1      | Reached XP level 1. HP: 15/15 MP: 3/3
   480 | D:1      | Gained mutation: You are partially covered in large bone plates. (SH +4) [demonic ancestry]
   480 | D:1      | Reached XP level 2. HP: 21/21 MP: 3/5
   630 | D:1      | Reached skill level 3 in Unarmed Combat
  1012 | D:1      | HP: 1/21 [poisoned by an adder]
  1013 | D:1      | Succumbed to an adder's poison

Skill      XL: |  1  2 |
---------------+-------+-----
Transmutations | 2 |  2.1
Unarmed Combat | 3 |  3.1
Dodging        | 2 |  2.0
Fighting       | |  1.4
Spellcasting   | |  2.2

Action                   || total
-------------------------++-------
Melee: Unarmed           ||    51
       Kick              ||     6
       Headbutt          ||     4
 Cast: Beastly Appendage ||    14
Armor: Robe              ||    11
Dodge: Dodged            ||    22
Block: Other             ||     4
